Map: Hecate LE

Players

ONSYDESolar (Solar)

  • Race: Zerg Zerg
  • Spawn Location: 7:00

LiquidClem (Clem) - Winner!

  • Race: Terran Terran
  • League: Master
  • Spawn Location: 1:00

VOD

Have the link to the VOD?

Description

Time

  • Played on: Dec. 11, 2023, 8:15 a.m.
  • Length: 21:45
Show
View Real Time Build Order
Export as new Build Order

ONSYDESolar Zerg 

Build Orders: Hatch First, Lurkers 

Get SALT Encoding   

  12  0:00  Drone  
  13  0:07  Drone  
  14  0:15  Extractor, Drone  
  15  0:37  Hatchery  
  15  0:41  Extractor  
  15  0:42  Drone  
  15  0:48  Overlord  
  15  1:03  Spawning Pool  
  14  1:07  Drone  
  14  1:10  Drone  
  16  1:14  Drone  
  17  1:18  Drone  
  18  1:28  Extractor  
  18  1:29  Drone  
  18  1:39  Drone  
  19  1:49  Queen x2  
  19  1:50  Drone  
  19  1:51  Drone  
  25  2:00  Overlord  
  25  2:02  Drone  
  26  2:11  Drone x2  
  28  2:22  Drone, Overlord  
  29  2:24  Queen  
  29  2:26  Spore Crawler  
  30  2:32  Drone  
  30  2:33  Drone  
  33  2:45  Drone, Hatchery  
  33  2:46  Drone  
  34  2:51  Metabolic Boost  
  34  2:55  Drone x2  
  36  3:01  Drone  
  36  3:02  Drone x2  
  39  3:05  Drone x2  
  39  3:08  Overlord  
  41  3:14  Zergling x2  
  41  3:17  Drone  
  41  3:18  Drone  
  44  3:24  Overlord  
  44  3:33  Zergling x2  
  44  3:34  Queen x2, Zergling x2  
  46  3:38  Drone x2  
  46  3:39  Overlord  
  52  3:43  Drone x3  
  55  3:49  Overlord  
  55  3:52  Drone  
  56  3:56  Drone  
  56  3:57  Queen  
  59  4:05  Drone x2  
  59  4:07  Drone x6  
  59  4:08  Overlord  
  67  4:11  Drone  
  67  4:14  Queen  
  70  4:18  Drone  
  70  4:22  Extractor  
  70  4:23  Evolution Chamber x2  
  70  4:24  Spore Crawler  
  67  4:27  Drone x3  
  67  4:28  Spore Crawler  
  69  4:32  Zergling x4  
  69  4:35  Queen  
  69  4:36  Drone x2  
  75  4:38  Overlord  
  75  4:42  Drone x3  
  75  4:44  Overlord  
  79  4:45  Drone  
  79  4:48  Zergling x2  
  80  4:54  Zerg Melee Weapons Level 1, Zerg Ground Armor Level 1  
  80  4:58  Overlord  
  80  5:02  Zergling x4  
  80  5:03  Zergling x2  
  80  5:05  Drone x3  
  80  5:06  Drone x3  
  88  5:16  Lair  
  88  5:17  Drone  
  88  5:18  Drone x2  
  88  5:19  Baneling Nest  
  88  5:20  Extractor  
  89  5:21  Zergling x2  
  89  5:25  Drone x2  
  89  5:27  Drone x2  
  94  5:29  Extractor x2  
  94  5:33  Drone  
  94  5:34  Overlord  
  93  5:38  Zergling x2  
  93  5:41  Drone  
  93  5:42  Spore Crawler, Hatchery  
  94  5:43  Zergling x8  
  94  5:48  Drone x3  
  100  5:53  Drone  
  100  5:54  Overlord  
  100  5:55  Drone  
  100  5:56  Drone  
  103  5:57  Drone x2  
  103  6:02  Zergling x2  
  103  6:04  Hatchery  
  104  6:11  Zergling x6  
  107  6:15  Centrifugal Hooks  
  107  6:16  Drone x2  
  107  6:17  Drone x3  
  107  6:18  Hydralisk Den  
  111  6:19  Baneling x5  
  111  6:20  Drone, Baneling x3  
  111  6:25  Overlord x2  
  111  6:28  Zergling x4  
  111  6:31  Drone  
  114  6:33  Zergling x6  
  114  6:35  Zergling x2  
  114  6:39  Overlord  
  118  6:41  Zergling x2  
  118  6:43  Baneling x2  
  118  6:46  Drone  
  120  6:48  Grooved Spines  
  120  6:50  Zergling x8  
  120  6:52  Zerg Ground Armor Level 2, Zerg Melee Weapons Level 2  
  120  6:53  Zergling x2  
  124  6:59  Zergling x4  
  122  7:02  Queen  
  122  7:03  Zergling x14  
  122  7:04  Baneling x2  
  122  7:07  Overlord  
  127  7:11  Zergling x2  
  122  7:17  Zergling x8  
  122  7:23  Zergling x6  
  122  7:29  Zergling x6  
  115  7:36  Zergling x4  
  112  7:38  Queen  
  112  7:40  Muscular Augments  
  112  7:41  Drone x3  
  117  7:45  Drone x2  
  117  7:47  Drone  
  117  7:48  Hydralisk x3, Drone  
  117  7:51  Drone  
  128  7:52  Baneling x5  
  128  7:55  Extractor  
  127  7:58  Zergling x4  
  127  7:59  Overseer, Pneumatized Carapace  
  127  8:02  Drone x3  
  127  8:03  Infestation Pit, Drone x3  
  127  8:04  Overlord x2  
  134  8:08  Hydralisk, Drone  
  134  8:09  Hydralisk  
  138  8:13  Queen, Zergling x12  
  138  8:18  Zergling x6  
  149  8:20  Baneling  
  149  8:21  Baneling  
  149  8:24  Hydralisk x5  
  158  8:30  Zergling x2  
  158  8:31  Baneling x2  
  158  8:34  Zergling x16  
  164  8:37  Zergling x2  
  160  8:44  Zergling x2  
  160  8:45  Hydralisk x2, Zergling x8  
  161  8:50  Zergling x8  
  161  8:51  Overseer  
  161  8:54  Extractor, Baneling  
  161  8:55  Baneling x7  
  164  8:57  Hive, Zergling x6  
  164  8:58  Extractor  
  164  8:59  Drone, Hatchery  
  166  9:04  Drone x2  
  166  9:08  Drone x2  
  159  9:12  Hydralisk x2  
  159  9:14  Drone  
  159  9:15  Overseer  
  159  9:16  Drone  
  157  9:17  Drone  
  157  9:23  Lurker Den  
  157  9:24  Hydralisk x4, Overlord  
  157  9:25  Zergling x8  
  157  9:30  Overlord  
  167  9:32  Overlord  
  167  9:34  Zergling x2  
  167  9:35  Overlord  
  167  9:36  Zergling x4  
  163  9:42  Overlord x3  
  163  9:43  Overlord  
  161  9:46  Drone x5  
  161  9:48  Baneling x3  
  161  9:49  Baneling x3  
  164  9:53  Baneling  
  164  9:54  Hydralisk x3  
  164  9:57  Zergling x6, Infestor, Baneling  
  164  9:58  Zerg Missile Weapons Level 1  
  175  10:00  Drone  
  175  10:05  Zergling x10  
  181  10:07  Spore Crawler  
  181  10:08  Zergling x6  
  183  10:16  Zergling x12  
  183  10:19  Baneling x12  
  189  10:21  Zergling x6  
  189  10:28  Zergling x12  
  198  10:32  Zergling x10  
  196  10:42  Infestor  
  189  10:43  Zergling x14  
  189  10:45  Viper x3  
  191  10:50  Hydralisk x3  
  182  10:57  Zergling x16  
  182  11:05  Zergling x14  
  182  11:10  Zergling x2  
  180  11:20  Hatchery  
  180  11:23  Zergling x12  
  180  11:24  Hydralisk x2  
  186  11:26  Zergling x10  
  186  11:29  Drone x2  
  193  11:35  Lurker Den  
  193  11:38  Zergling x10  
  188  11:41  Zergling x4  
  188  11:45  Lurker, Baneling x6  
  188  11:46  Baneling x2  
  189  11:52  Hydralisk x2  
  189  11:53  Zergling x12  
  182  11:55  Baneling x4  
  182  11:57  Zergling x4  
  184  12:03  Zergling x10  
  184  12:04  Overseer  
  184  12:07  Zerg Missile Weapons Level 2, Hatchery  
  184  12:08  Zergling x4  
  190  12:13  Zergling x8  
  192  12:17  Baneling x4  
  192  12:20  Lurker  
  193  12:22  Zergling x2  
  193  12:23  Zergling x6  
  193  12:29  Hydralisk  
  187  12:30  Hydralisk  
  187  12:33  Zergling x16  
  195  12:39  Seismic Spines  
  186  12:46  Zergling x12  
  186  12:51  Overseer x2, Zergling x8  
  173  12:58  Lurker x7  
  182  13:00  Zergling x2  
  182  13:01  Zergling x4  
  182  13:04  Zergling x6  
  188  13:10  Baneling  
  188  13:11  Baneling x9  
  188  13:14  Zergling x2  
  188  13:15  Overlord  
  188  13:17  Baneling x4  
  189  13:20  Overlord  
  189  13:24  Overlord  
  188  13:35  Zergling x22  
  188  13:36  Adaptive Talons  
  196  13:46  Zerg Ground Armor Level 3  
  190  13:55  Hydralisk x2, Zergling x2  
  177  13:56  Zergling x10  
  177  14:01  Zergling x28  
  195  14:07  Zergling x10  
  195  14:08  Overseer  
  191  14:14  Hydralisk x4  
  192  14:20  Zergling x10  
  191  14:29  Baneling x9  
  191  14:30  Baneling x2  
  188  14:32  Zergling x4  
  188  14:35  Overlord  
  188  14:37  Burrow  
  188  14:38  Zergling x6  
  190  14:39  Hatchery  
  190  14:42  Overseer  
  190  14:43  Zergling x6  
  192  14:46  Zergling x2  
  192  14:47  Zergling x4  
  192  14:50  Zerg Melee Weapons Level 3  
  193  14:53  Baneling x3  
  193  14:54  Zergling x8  
  193  14:58  Zergling x8  
  193  14:59  Zergling x2  
  191  15:01  Zergling x4  
  191  15:04  Zergling x2  
  192  15:08  Hydralisk x2  
  192  15:10  Overlord  
  192  15:12  Zergling x4  
  190  15:15  Overseer x2  
  190  15:16  Overseer  
  190  15:19  Baneling x10  
  190  15:20  Zergling x2  
  191  15:21  Nydus Network  
  191  15:26  Zergling x2  
  191  15:27  Zergling x10  
  195  15:41  Zergling x4  
  194  15:43  Overseer, Overlord x2  
  194  15:44  Overlord  
  194  15:45  Overlord  
  187  15:53  Zergling x20  
  193  16:00  Zergling x14  
  193  16:02  Overlord  
  193  16:04  Zergling x14  
  186  16:06  Overlord  
  186  16:08  Zergling x4  
  189  16:14  Zergling x6  
  180  16:21  Hydralisk  
  180  16:22  Hydralisk x3  
  185  16:28  Zergling x14  
  179  16:33  Hydralisk x2  
  179  16:37  Overseer  
  179  16:39  Hydralisk x5  
  163  16:45  Zergling x4  
  157  16:47  Hydralisk x3  
  157  16:50  Infestor  
  157  16:51  Hydralisk  
  157  16:53  Infestor  
  160  16:56  Baneling x4  
  160  16:57  Baneling x5  
  160  16:59  Zergling x6  
  161  17:02  Infestor  
  161  17:07  Zergling x12  
  169  17:09  Baneling x3  
  169  17:11  Baneling  
  169  17:13  Zergling x6  
  172  17:16  Zergling x6  
  175  17:25  Zergling x16  
  175  17:28  Overseer  
  175  17:29  Zergling x6  
  179  17:34  Zergling x10  
  174  17:37  Hydralisk x2  
  174  17:38  Zergling x8  
  174  17:39  Lurker  
  174  17:43  Zergling x8  
  178  17:48  Zergling x10  
  175  17:54  Zergling x14  
  175  17:58  Hydralisk x2  
  162  17:59  Infestor  
  162  18:04  Hydralisk x3  
  162  18:08  Hydralisk x2  
  162  18:12  Hydralisk x2  
  163  18:13  Overseer, Zergling x2  
  163  18:17  Zergling x8  
  163  18:19  Lurker  
  173  18:20  Lurker x2  
  173  18:24  Zergling x8  
  173  18:25  Baneling x2  
  174  18:30  Lurker x5  
  174  18:31  Zergling x4  
  180  18:39  Zergling x14  
  177  18:44  Zergling x12  
  178  18:53  Zergling x14  
  182  19:01  Hydralisk x5  
  174  19:09  Hydralisk x3  
  160  19:12  Zergling x6  
  160  19:13  Baneling  
  160  19:16  Zergling x6  
  159  19:18  Infestor  
  159  19:20  Zergling x2  
  159  19:21  Zergling x2  
  154  19:24  Lurker x3  
  157  19:33  Drone  
  157  19:34  Drone x6  
  157  19:35  Drone  
  148  19:46  Infestor  
  148  19:47  Infestor x2  
  149  19:53  Zergling x10  
  149  19:55  Overseer  
  149  19:58  Infestor x3  
  149  20:00  Infestor  
  149  20:02  Zergling x8  
  149  20:05  Infestor x3  
  143  20:10  Hydralisk x10  
  139  20:15  Hatchery  
  139  20:16  Zergling x4  
  139  20:17  Hydralisk x14  
  139  20:20  Baneling  
  139  20:22  Infestor, Zergling x4  
  139  20:25  Zergling x4  
  139  20:26  Zergling x2  
  139  20:27  Baneling  
  144  20:32  Zergling x6  
  144  20:35  Zergling x2  
  142  20:42  Hydralisk x2  
  131  20:43  Zergling x2  
  131  20:45  Zergling x4  
  131  20:47  Zergling x2  
  133  20:52  Zergling x4  
  133  21:01  Overlord  
  133  21:04  Overseer, Baneling x6  
  133  21:07  Viper  
  133  21:08  Baneling  
  133  21:10  Viper  
  136  21:14  Lurker x2  
  136  21:16  Overseer  
  138  21:20  Zergling x4  
  138  21:23  Zergling x2  
Show
View Real Time Build Order
Export as new Build Order

LiquidClem Terran - Winner!

Build Orders: Liberator Opening, Reaper Expand 

Get SALT Encoding   

  12  0:00  SCV  
  13  0:13  SCV  
  14  0:17  Supply Depot  
  14  0:25  SCV  
  15  0:39  SCV  
  15  0:40  Barracks  
  16  0:44  Refinery  
  16  0:51  SCV  
  17  1:03  SCV  
  18  1:15  SCV  
  19  1:27  Orbital Command, Reaper  
  20  1:39  Command Center  
  20  1:46  Supply Depot  
  20  1:53  SCV  
  21  1:59  Marine  
  22  2:05  SCV  
  23  2:09  Factory  
  23  2:18  SCV  
  23  2:21  Barracks Reactor  
  24  2:30  SCV  
  25  2:37  Command Center  
  25  2:44  SCV  
  26  2:50  Orbital Command  
  26  2:56  SCV  
  27  2:59  Starport  
  27  3:04  Refinery  
  27  3:08  SCV  
  27  3:10  Hellion  
  30  3:13  Hellion  
  30  3:17  SCV  
  33  3:20  Barracks Tech Lab, SCV  
  34  3:29  SCV  
  34  3:31  Hellion  
  34  3:32  SCV  
  38  3:35  Hellion  
  40  3:41  Liberator  
  40  3:42  SCV  
  40  3:45  Marine  
  40  3:47  SCV  
  46  3:52  Orbital Command  
  46  3:55  Hellion  
  48  3:56  SCV  
  48  3:58  Hellion  
  48  4:02  Stimpack, SCV  
  52  4:08  SCV  
  53  4:10  Supply Depot  
  53  4:14  SCV  
  53  4:16  Marine  
  55  4:18  SCV  
  55  4:22  Barracks  
  56  4:25  Barracks  
  56  4:26  SCV, Starport Reactor, Factory Tech Lab  
  56  4:30  SCV  
  58  4:34  Marine, Supply Depot  
  58  4:37  SCV  
  60  4:38  SCV  
  60  4:43  SCV, Refinery  
  60  4:44  Refinery  
  62  4:49  Engineering Bay x2  
  62  4:50  SCV  
  62  4:52  Marine  
  64  4:55  SCV x2  
  64  4:58  Supply Depot  
  66  5:01  Supply Depot  
  66  5:02  SCV  
  67  5:07  SCV  
  67  5:08  SCV  
  67  5:10  Marine  
  70  5:14  Starport Reactor  
  70  5:20  Orbital Command  
  70  5:21  Supply Depot, Terran Infantry Weapons Level 1  
  70  5:22  Terran Infantry Armor Level 1  
  70  5:23  SCV  
  70  5:24  SCV, Barracks  
  70  5:25  Barracks  
  70  5:26  Marine x2  
  74  5:28  Marine  
  74  5:35  SCV  
  76  5:37  SCV  
  76  5:38  Siege Tank  
  80  5:43  Combat Shield  
  80  5:44  Marine, Supply Depot  
  80  5:45  Marine  
  80  5:46  Marine, SCV  
  84  5:50  SCV  
  84  5:51  SCV  
  84  5:54  Supply Depot  
  84  5:55  Medivac  
  84  5:56  Medivac  
  90  5:58  SCV  
  90  6:01  Supply Depot  
  90  6:02  Marine  
  90  6:03  SCV  
  93  6:04  SCV  
  93  6:06  Marine x4  
  98  6:11  SCV  
  98  6:14  Barracks Reactor, Armory  
  98  6:16  Barracks Reactor  
  98  6:17  SCV  
  100  6:19  Marine  
  100  6:21  Supply Depot, SCV, Factory  
  100  6:23  Marine, SCV  
  100  6:25  Marine x3  
  103  6:29  SCV  
  103  6:31  Siege Tank  
  109  6:33  Refinery  
  109  6:34  SCV  
  109  6:38  Marine  
  109  6:39  Supply Depot  
  111  6:40  SCV  
  111  6:41  Marine, SCV  
  111  6:44  Marine x3  
  111  6:46  SCV  
  118  6:49  Command Center  
  118  6:53  Marine x2  
  120  6:54  Marine, Supply Depot  
  120  6:57  Marine  
  120  6:58  Marine  
  118  7:03  SCV  
  118  7:04  Marine  
  118  7:08  Marine, SCV  
  112  7:09  Factory Reactor  
  110  7:15  Medivac  
  110  7:16  Marine x2  
  110  7:17  Marine x5, Widow Mine  
  110  7:19  SCV  
  110  7:22  Marine  
  123  7:23  Terran Infantry Armor Level 2, Terran Infantry Weapons Level 2  
  123  7:28  Marine  
  117  7:31  SCV x2  
  117  7:34  Marine x3  
  119  7:37  Drilling Claws  
  119  7:39  SCV  
  119  7:41  Medivac  
  119  7:43  Marine x2, Widow Mine  
  126  7:44  Marine x2  
  126  7:47  Widow Mine x2  
  126  7:50  SCV  
  126  7:51  SCV x2  
  134  7:52  Supply Depot  
  134  7:55  Marine x2  
  137  7:59  Supply Depot, Medivac  
  137  8:00  Marine x4  
  137  8:01  Marine  
  137  8:02  SCV  
  137  8:04  Marine  
  137  8:05  Marine, SCV  
  148  8:08  SCV, Widow Mine  
  148  8:13  Terran Vehicle And Ship Armor Level 1  
  148  8:17  Marine x2, Medivac  
  148  8:18  Widow Mine  
  154  8:23  Marine  
  154  8:24  Marine x4, Widow Mine  
  154  8:25  Marine  
  154  8:26  Marine  
  150  8:35  Marine x2  
  150  8:37  Medivac, Concussive Shells  
  150  8:39  Barracks x3, Widow Mine  
  152  8:45  Widow Mine  
  152  8:47  Medivac, Widow Mine  
  140  8:49  Marine x7  
  140  8:53  Marine x2  
  148  8:57  SCV x3  
  148  8:59  Sensor Tower  
  148  9:01  Widow Mine  
  153  9:06  Marine  
  153  9:07  Marine, Widow Mine  
  153  9:08  Medivac  
  153  9:09  Marine, Widow Mine  
  158  9:11  Marine  
  158  9:12  Marine x3  
  157  9:19  Marine x2  
  157  9:21  Medivac  
  157  9:22  Widow Mine  
  163  9:24  Marine x2  
  163  9:26  SCV  
  163  9:27  Marine  
  163  9:28  SCV  
  163  9:29  Marine x2  
  163  9:31  Barracks Tech Lab x3  
  170  9:32  Marine, Widow Mine  
  170  9:33  Marine  
  170  9:36  SCV  
  170  9:37  Marine  
  169  9:39  Marine, SCV  
  169  9:41  Widow Mine  
  169  9:42  Marine, Planetary Fortress  
  169  9:44  Widow Mine  
  171  9:46  SCV  
  171  9:48  SCV  
  171  9:52  Command Center  
  171  9:55  Marine, Widow Mine  
  174  10:02  Marauder x2, Widow Mine  
  174  10:04  Supply Depot  
  180  10:07  Terran Infantry Weapons Level 3  
  180  10:10  Refinery  
  180  10:12  Refinery  
  180  10:22  Supply Depot x2  
  180  10:26  Marine x7, SCV  
  188  10:29  SCV x2  
  188  10:30  Marauder  
  188  10:31  SCV, Medivac, Widow Mine  
  188  10:33  Marine, Widow Mine  
  186  10:36  Widow Mine  
  185  10:45  Marine x2  
  185  10:46  Marine  
  185  10:47  Terran Infantry Armor Level 3  
  185  10:48  Marauder x2  
  180  10:50  Marine x2  
  180  10:51  Marine  
  180  10:52  Hellion  
  180  10:53  Medivac  
  180  10:54  Widow Mine  
  180  10:56  Marine x2  
  186  10:57  Widow Mine  
  178  11:05  Marine  
  178  11:09  Medivac  
  178  11:10  Marine  
  180  11:13  Marine  
  180  11:14  Marine, Widow Mine  
  180  11:15  Widow Mine  
  180  11:17  Marine, Marauder x2  
  189  11:19  Widow Mine  
  189  11:20  Command Center  
  189  11:21  Ghost Academy, Marauder  
  191  11:28  Marine  
  191  11:29  Marauder  
  191  11:32  Command Center, Terran Vehicle And Ship Armor Level 2  
  192  11:35  Widow Mine  
  192  11:37  Widow Mine  
  192  11:39  Marauder  
  198  11:40  Widow Mine  
  200  11:49  Marine x2  
  200  11:50  Marine x2  
  189  11:55  Planetary Fortress  
  189  12:05  SCV  
  189  12:06  Sensor Tower  
  189  12:07  Command Center x2, Missile Turret, Sensor Tower  
  190  12:09  SCV  
  190  12:14  Widow Mine  
  193  12:15  Ghost x2  
  193  12:20  Ghost  
  193  12:21  Refinery  
  197  12:25  Ghost, Widow Mine  
  187  12:30  Marine, Widow Mine  
  187  12:32  Marine x2  
  187  12:33  Marine  
  193  12:37  Sensor Tower  
  193  12:40  Marine, Widow Mine  
  193  12:44  Ghost  
  189  12:49  Medivac x2  
  175  12:53  Orbital Command x2  
  175  12:55  Ghost  
  175  12:58  Marine x2, Widow Mine  
  179  12:59  Marine x2  
  179  13:00  Marine  
  179  13:03  Ghost  
  179  13:04  Marine  
  178  13:08  Ghost  
  179  13:15  Missile Turret  
  179  13:18  Medivac  
  181  13:21  Orbital Command  
  181  13:27  Command Center  
  181  13:28  Missile Turret, Ghost  
  181  13:29  Ghost  
  181  13:31  Ghost  
  187  13:48  Marine x2, Widow Mine  
  189  13:49  Marine x3  
  189  13:53  Marine  
  189  13:54  Medivac  
  189  13:55  Marine x3, Widow Mine  
  168  13:58  Marine  
  168  13:59  Marine  
  168  14:00  Marine  
  168  14:02  Medivac, Widow Mine  
  170  14:06  Marine x2  
  170  14:07  Marine x3  
  166  14:10  Marine  
  166  14:11  Widow Mine  
  166  14:13  Marine x3  
  166  14:16  Marine x2  
  163  14:18  Marine  
  163  14:20  SCV  
  161  14:24  SCV, Medivac, Widow Mine  
  161  14:26  SCV x2  
  161  14:30  SCV  
  167  14:32  SCV  
  167  14:37  Orbital Command  
  167  14:42  Widow Mine  
  167  14:43  SCV  
  167  14:45  SCV  
  171  14:47  SCV  
  171  14:50  SCV  
  173  14:54  Medivac  
  173  14:55  Orbital Command  
  173  14:56  Marine, Widow Mine  
  173  14:58  Marine  
  178  15:06  Widow Mine  
  128  15:07  Marine x2, Medivac  
  177  15:08  Marine  
  177  15:09  Ghost  
  177  15:10  Marine  
  177  15:11  Marine x3  
  177  15:12  Marine  
  179  15:19  SCV  
  179  15:20  SCV x2  
  179  15:25  Marine, SCV  
  181  15:30  Sensor Tower  
  181  15:31  SCV  
  181  15:33  Command Center  
  181  15:34  Widow Mine x2  
  181  15:35  Medivac  
  188  15:36  SCV x2  
  188  15:38  Ghost x2  
  188  15:40  Marine x2, Widow Mine  
  188  15:41  Marine  
  193  15:51  Marine  
  193  15:52  Marine  
  193  15:55  Marauder  
  193  15:56  Widow Mine x2  
  198  16:01  Widow Mine  
  181  16:06  Marine x2  
  181  16:08  Marauder  
  181  16:10  Marine  
  181  16:11  Marine, Marauder  
  180  16:13  Terran Vehicle And Ship Armor Level 3  
  180  16:14  Marine  
  180  16:17  Widow Mine x2  
  169  16:19  Marine, Ghost  
  169  16:20  Marine  
  169  16:21  Marine  
  169  16:22  Widow Mine  
  169  16:25  Marine, Medivac  
  172  16:26  Marine  
  172  16:30  Marine  
  172  16:31  Medivac  
  172  16:32  Marine  
  174  16:38  Widow Mine  
  174  16:39  Widow Mine  
  167  16:41  Marine  
  167  16:42  Marine x2  
  167  16:44  Marine x6, Widow Mine  
  163  16:47  Orbital Command  
  163  16:48  Marine x2  
  163  16:50  Marine  
  163  16:52  SCV  
  160  16:55  Medivac  
  160  16:59  Marine  
  160  17:00  Marine x2, SCV, Widow Mine x2  
  170  17:01  SCV  
  170  17:02  Marine, SCV  
  170  17:05  Widow Mine  
  175  17:13  SCV x2  
  175  17:14  SCV  
  178  17:20  Marine  
  178  17:21  Marauder x2, Widow Mine x2  
  186  17:24  Marine  
  186  17:26  Marine  
  186  17:27  Widow Mine  
  186  17:29  Marine  
  190  17:35  Personal Cloaking  
  181  17:37  Medivac  
  181  17:43  Widow Mine x2  
  183  17:47  Medivac  
  183  17:51  Widow Mine  
  177  17:53  Marauder  
  177  17:57  Marine  
  152  17:59  Marine  
  152  18:00  Marine  
  152  18:03  Ghost  
  152  18:04  Widow Mine  
  152  18:05  Marine x5, Widow Mine  
  158  18:06  Marine  
  158  18:07  Medivac  
  158  18:12  SCV, Widow Mine  
  166  18:16  SCV  
  161  18:21  Marine, SCV  
  161  18:22  Marine x4  
  161  18:23  Marine x6  
  161  18:25  Widow Mine  
  175  18:29  Widow Mine  
  175  18:31  Marine  
  175  18:33  Medivac  
  180  18:39  Marine x4, Liberator  
  189  18:41  Widow Mine  
  189  18:45  Marine  
  189  18:47  Orbital Command, Widow Mine  
  184  18:54  Marauder  
  186  18:58  Widow Mine  
  186  18:59  Ghost  
  184  19:03  Medivac  
  184  19:09  SCV  
  158  19:10  SCV  
  158  19:11  SCV x3  
  158  19:12  SCV x2  
  155  19:18  Marine x3, Widow Mine  
  155  19:21  SCV  
  155  19:22  Medivac  
  155  19:23  Missile Turret  
  162  19:24  Marine  
  162  19:27  Marine x2  
  166  19:31  Widow Mine  
  166  19:32  Marine x2  
  166  19:33  Medivac, Refinery  
  166  19:36  Sensor Tower  
  164  19:43  Marauder x2  
  168  19:49  Marine x3  
  168  19:52  Liberator  
  167  19:55  Marine x2, Widow Mine  
  167  19:57  Ghost  
  167  19:58  Marine x2  
  172  20:00  Widow Mine  
  172  20:03  Medivac  
  172  20:04  Marine x2, Widow Mine  
  172  20:05  Marine x2  
  162  20:07  Marine  
  162  20:08  Marine x2  
  162  20:12  Marine  
  162  20:13  SCV x2  
  162  20:14  SCV x3  
  167  20:15  SCV, Refinery x2  
  167  20:21  Marine x2  
  167  20:22  Ghost x2  
  167  20:23  Marine, Ghost  
  167  20:25  Marine  
  167  20:27  Marine, Marauder  
  176  20:47  Marine, Ghost  
  179  20:50  Ghost  
  179  20:51  Ghost  
  179  20:52  Orbital Command, Ghost  
  179  20:56  Marine  
  179  20:57  Marine  
  187  21:10  Widow Mine  
  189  21:12  Marine  
  192  21:20  Marine  
  192  21:22  Widow Mine  
Tags
 
Add a new tag
Caveats
  • Supply blocks, unpowered buildings, or Contaminate may cause inaccurate times.
  • Supply counts are checked every 10 seconds.